 Dungeon Crawl Stone Soup version 0.30.0-15-g856e2d3f33 (webtiles) character file.

Game seed: 17259966391597147524

490 javelincjr the Conjurer (level 7, -10/47 HPs)
             Began as an Octopode Conjurer on May 18, 2023.
             Mangled by Blork the orc
             ... wielding a +5 vampiric long sword
              (16 damage)
             ... on level 4 of the Dungeon on May 19, 2023.
             The game lasted 00:18:47 (4576 turns).

javelincjr the Conjurer (Octopode Conjurer)         Turns: 4576, Time: 00:18:47

Health: -10/47     AC:  1    Str:  6    XL:     7   Next: 14%
Magic:  8/20       EV: 12    Int: 23    God:
Gold:   299        SH:  3    Dex: 10    Spells: 9/12 levels left

rFire   . . .        f - +0 dagger
rCold   . . .        s - +0 buckler
rNeg    . . .        (helmet restricted)
rPois   .            (no amulet)
rElec   .            l - ring of magical power
rCorr   .            (no ring)
SInv    .            (no ring)
Will    .....        (no ring)
Stlth   ++++         (no ring)
HPRegen 0.27/turn    (no ring)
MPRegen 0.17/turn    (no ring)
                     (no ring)

%: no passive effects
@: no status effects
A: almost no armour, amphibious, 8 rings, camouflage 1, gelatinous body 1,
(nimble swimmer 1), tentacles
a: no special abilities


You were on level 4 of the Dungeon.
You visited 1 branch of the dungeon, and saw 4 of its levels.
You also visited: Sewer.

You collected 299 gold pieces.

Inventory:

Hand Weapons
 f - a +0 dagger (weapon)
Missiles
 i - 3 curare-tipped darts
Armour
 s - a +0 buckler (worn)
Magical Staves
 t - a staff of cold
Jewellery
 l - a ring of magical power (left tentacle)
Scrolls
 c - 3 scrolls of teleportation {unknown}
 e - 2 scrolls of magic mapping {unknown}
 g - a scroll of amnesia {unknown}
 h - 2 scrolls of vulnerability {unknown}
 p - a scroll of enchant weapon {unknown}
 q - 2 scrolls of fog {unknown}
 u - a scroll of enchant armour {unknown}
Potions
 a - 2 potions of magic
 b - 4 potions of attraction {unknown}
 d - a potion of haste {unknown}
 j - 2 potions of curing {unknown}
 k - 2 potions of brilliance {unknown}
 m - a potion of mutation
 n - a potion of invisibility {unknown}
 o - a potion of might {unknown}
 r - 4 potions of flight


   Skills:
 * Level 3.7 Fighting
 + Level 3.5 Dodging
 + Level 4.8 Stealth
 + Level 1.0 Shields
 + Level 3.3 Spellcasting
 + Level 4.9 Conjurations


You had 9 spell levels left.
You knew the following spells:

 Your Spells              Type           Power      Damage    Failure   Level
a - Magic Dart            Conj           100%       1d8       2%          1
b - Searing Ray           Conj           52%        2d6       3%          2

Your spell library contained the following spells:

 Spells                   Type           Power      Damage    Failure   Level
 Sandblast                Erth           6%         2d5       21%         1
 Dazzling Flash           Conj/Hex       30%        N/A       22%         3
 Stone Arrow              Conj/Erth      30%        3d8       22%         3
 Passwall                 Tmut/Erth      2%         N/A       30%         2
 Ignite Poison            Fire/Tmut/Pois 3%         N/A       52%         3
 Fulminant Prism          Conj/Hex       7%         3d7       56%         4
 Iskenderun's Mystic Bla  Conj/Tloc      15%        2d5       56%         4
 Sticky Flame             Conj/Fire      15%        2d4       56%         4
 Ignition                 Fire           1%         3d3       100%        8


Dungeon Overview and Level Annotations

Branches:
Dungeon (4/15)              Sewer (visited)
 Temple: D:4-7

Altars:

Shops:
D:1 *

Annotations:
D:4 Blork the orc


Innate Abilities, Weirdness & Mutations

You cannot wear most types of armour.
You are amphibious.
You can wear up to eight rings at the same time.
Your skin changes colour to match your surroundings (Stealth+).
Your rubbery body absorbs attacks. (AC +1, EV +1)
((You are camouflaged when in or above water. (Stealth+)))
You have tentacles for arms and can constrict up to eight enemies at once.


Message History

Blork the orc comes into view.
He is wielding a +5 vampiric long sword.
The iguana bites you!
The searing ray hits the iguana.
The iguana is severely wounded.
The iguana misses you.
The searing ray hits the iguana!
You kill the iguana!
You finish channelling your searing ray.
Blork the orc frowns.
Your Shields skill increases to level 1!
Casting: Searing Ray (safe; 3% risk of failure)
Confirm with . or Enter, or press ? or * to list all spells.
Aiming: Searing Ray (safe; 3% risk of failure)
Press: ? - help, Shift-Dir - straight line, f - Blork the orc
Aim: Blork the orc, wielding a +5 vampiric long sword and wearing a +0 robe (82% to hit)
The searing ray hits Blork the orc!
Blork the orc is moderately wounded. (Press . to maintain the ray.)
The searing ray hits Blork the orc.
Blork the orc is moderately wounded.
The searing ray misses Blork the orc.
Blork the orc completely misses you.
The searing ray hits Blork the orc.
Blork the orc is moderately wounded.
You finish channelling your searing ray.
Blork the orc hits you with a +5 vampiric long sword!
Blork the orc draws strength from your wounds!
Casting: Searing Ray (safe; 3% risk of failure)
Confirm with . or Enter, or press ? or * to list all spells.
Aiming: Searing Ray (safe; 3% risk of failure)
Press: ? - help, Shift-Dir - straight line, f/p - Blork the orc
Aim: Blork the orc, wielding a +5 vampiric long sword and wearing a +0 robe (moderately wounded, 82% to hit)
The searing ray hits Blork the orc.
Blork the orc is heavily wounded. (Press . to maintain the ray.) Blork the orc hits you with a +5 vampiric long sword!
* * * LOW HITPOINT WARNING * * *
The searing ray hits Blork the orc.
Blork the orc is severely wounded.
Blork the orc hits you with a +5 vampiric long sword!
You die...

.# #.#.# .#
#.#.# .#
#.#.###
.##.....
.#[..# ....#
##..#
#.o.####.#
#.#@.......
...##†####..
##.. )# #..
.. #.. ...
.## .).. .
#####


You could see Blork the orc.

Vanquished Creatures
  A howler monkey (D:4)
  A jelly (D:4)
  An iguana (D:4)
  3 sleepcaps (D:3)
  Jessica (D:2)
  Natasha (D:2)
  12 adders
  5 river rats (Sewer)
  5 worms
  An orc (D:4)
  10 ball pythons
  11 endoplasms
  4 giant cockroaches
  3 goblins
  10 hobgoblins
  8 jackals
  2 kobolds
  4 quokkas
  10 bats
  5 frilled lizards
  11 rats
109 creatures vanquished.

Notes
Turn   | Place    | Note
-------+----------+-------------------------------------------
     0 | D:1      | javelincjr the Octopode Conjurer began the quest for the
                  | Orb.
     0 | D:1      | Reached XP level 1. HP: 11/11 MP: 3/3
     2 | D:1      | Found a runed translucent door.
    59 | D:1      | Found Jewi's Assorted Antiques.
   271 | D:1      | Reached XP level 2. HP: 4/17 MP: 0/5
   447 | D:1      | Learned a level 2 spell: Searing Ray
   871 | D:1      | Reached XP level 3. HP: 22/22 MP: 0/6
   992 | D:1      | Reached skill level 1 in Fighting
  1512 | D:2      | Reached XP level 4. HP: 28/28 MP: 2/7
  1930 | D:2      | Noticed Jessica
  1933 | D:2      | Killed Jessica
  1934 | D:2      | Reached XP level 5. HP: 34/34 MP: 4/9
  2240 | D:2      | Noticed Natasha
  2246 | D:2      | Killed Natasha
  2390 | D:2      | You fall into a shaft and drop 2 floors!
  2399 | D:4      | Noticed a water moccasin
  2493 | D:4      | Found a glowing drain.
  2504 | Sewer    | Entered a sewer
  2677 | Sewer    | Reached XP level 6. HP: 35/41 MP: 10/10
  4483 | D:4      | Reached XP level 7. HP: 46/46 MP: 11/11
  4568 | D:4      | Noticed Blork the orc
  4571 | D:4      | Reached skill level 1 in Shields
  4576 | D:4      | Mangled by Blork the orc

Illustrated notes

Levels and vault maps discovered:
D:1:      dpeg_arrival_caged_fury, layout_loops_corners, serial_shops,
          shop_fountains, minmay_unequal
D:2:      layout_rooms, uniq_jessica, uniq_natasha
D:3:      layout_basic, roderic_serpentine_path, hellmonk_no_cap
D:4:      layout_loops_ring, portal_sewer_entry_d, gammafunk_ghost_icy,
          uniq_blork_the_orc

Skill      XL: |  1  2  3  4  5  6  7 |
---------------+----------------------+-----
Stealth        | 3 4 |  4.8
Fighting       | 1 2 3 |  3.7
Dodging        | 3 |  3.5
Spellcasting   | 3 |  3.3
Shields        | 1 |  1.0
Conjurations   | |  4.9

Action                     |  1- 3 |  4- 6 |  7- 9 || total
---------------------------+-------+-------+-------++-------
  Melee: Unarmed           |    27 |       |       ||    27
         Tentacles         |    18 |     2 |       ||    20
         Constrict         |    10 |     3 |       ||    13
         Dagger            |    22 |     7 |       ||    29
   Cast: Magic Dart        |    57 |    87 |     5 ||   149
         Searing Ray       |     2 |    24 |     4 ||    30
   Stab: Sleeping          |     2 |       |       ||     2
 Armour: Skin              |       |     3 |     1 ||     4
  Dodge: Dodged            |    30 |    28 |     5 ||    63
  Block: Buckler           |       |     3 |       ||     3
